 Dungeon Crawl Stone Soup version 0.27.1-1-g398f81649c (webtiles) character file.

Game seed: 2870973016279919689

70736 MisterFreud the Blocker (level 15, -5/133 HPs)
             Began as a Gnoll Fighter on Sept 9, 2021.
             Was an Elder of Ashenzari.
             Shot with an arrow by a deep elf archer (9 damage)
             ... on level 14 of the Dungeon.
             The game lasted 00:48:37 (31576 turns).

MisterFreud the Blocker (Gnoll Fighter)            Turns: 31576, Time: 00:48:38

Health: -5/133     AC: 19    Str: 17    XL:     15   Next: 34%
Magic:  34/34      EV: 12    Int: 13    God:    Ashenzari [****..]
Gold:   830        SH: 12    Dex: 11    Spells: 27/44 levels left

rFire    + + .     SeeInvis +   z - +2 short sword "Cryptic Seer" {elec, Melee, Range} (curse)
rCold    x . .     Faith    .   c - +0 kite shield "Adversity of Ashenzari" {Melee, Self} (curse)
rNeg     . . .     Spirit   .   k - +0 fire dragon scales
rPois    .         Reflect  .   p - +0 helmet of Star-Bound Wisdom {Comp, Self} (curse)
rElec    .         Harm     .   u - +1 cloak of the Lashed Chagrin {Evo, Bglg} (curse)
rCorr    .         Rampage  .   (no gloves)
Will     ++...     Clarity  +   Z - +2 pair of boots
Stlth    +++.......             s - amulet of Ashenzari's Anarchy {RegenMP, Alch, Self} (curse)
HPRegen  0.32/turn              f - ring "Bound Together" {Will+, Self, Elem} (curse)
MPRegen  0.49/turn              T - +4 ring of slaying

@: flying, studying Crossbows
A: fangs 1, strong nose, distributed training
a: Renounce Religion, Curse Item, Shatter the Chains


You were on level 14 of the Dungeon.
You worshipped Ashenzari.
Ashenzari was greatly pleased with you.
You visited 3 branches of the dungeon, and saw 21 of its levels.

You collected 2962 gold pieces.
You spent 2132 gold pieces at shops.

Inventory:

Hand Weapons
 a - a +0 rapier
 z - the cursed +2 short sword "Cryptic Seer" (weapon) {elec, Melee, Range}
   (You found it on level 3 of the Dungeon)

   It occasionally discharges a powerful burst of electricity upon striking a
   foe.
   It has a curse which improves the following skills: Melee Combat: Short
   Blades, Long Blades, Axes, Maces & Flails, Polearms, Staves and Unarmed
   Combat.
   Ranged Combat: Slings, Bows, Crossbows and Throwing.
Missiles
 o - 5 throwing nets
 y - 18 boomerangs
 B - 109 poisoned darts (quivered)
 H - 4 curare-tipped darts
 V - 5 javelins
Armour
 c - the cursed +0 kite shield "Adversity of Ashenzari" (worn) {Melee, Self}

   It has a curse which improves the following skills: Melee Combat: Short
   Blades, Long Blades, Axes, Maces & Flails, Polearms, Staves and Unarmed
   Combat.
   Introspection: Fighting and Spellcasting.
 k - +0 fire dragon scales (worn)
 p - the cursed +0 helmet of Star-Bound Wisdom (worn) {Comp, Self}
   (You took it off Robin on level 2 of the Dungeon)

   It has a curse which improves the following skills: Companions: Summonings
   and Necromancy.
   Introspection: Fighting and Spellcasting.
 u - the cursed +1 cloak of the Lashed Chagrin (worn) {Evo, Bglg}
   (You found it on level 2 of the Dungeon)

   It has a curse which improves the following skills: Evocations: Evocations.
   Beguiling: Conjurations, Hexes and Translocations.
 Z - a +2 pair of boots (worn)
Jewellery
 b - a ring of protection from fire
 f - the cursed ring "Bound Together" (left hand) {Will+, Self, Elem}
   (You found it on level 1 of the Dungeon)

   [ring of willpower]

   Will:      It increases your willpower.
   It has a curse which improves the following skills: Introspection: Fighting
   and Spellcasting.
   Elements:  Fire Magic, Ice Magic, Air Magic and Earth Magic.
 i - a ring of fire
 q - a +4 ring of protection
 s - the cursed amulet of Ashenzari's Anarchy (around neck) {RegenMP, Alch, Self}
   (You found it on level 2 of the Dungeon)

   [amulet of magic regeneration]

   It increases your rate of magic regeneration.
   It has a curse which improves the following skills: Alchemy: Poison Magic and
   Transmutations.
   Introspection: Fighting and Spellcasting.
 D - a +6 ring of intelligence
 F - a +4 ring of evasion
 K - a ring of poison resistance
 T - a +4 ring of slaying (right hand)
 U - a ring of fire
 X - an amulet of the acrobat
Wands
 G - a wand of iceblast (36)
 N - a wand of acid (23)
 O - a wand of paralysis (23)
 P - a wand of polymorph (9)
 Q - a wand of mindburst (34)
Scrolls
 e - 8 scrolls of teleportation
 g - a scroll of summoning
 h - 4 scrolls of magic mapping
 j - 7 scrolls of enchant weapon
 t - 4 scrolls of blinking
 w - 3 scrolls of fog
 x - 4 scrolls of amnesia
 C - 3 scrolls of fear
 L - 3 scrolls of silence
 W - a scroll of holy word
 Y - 2 scrolls of enchant armour
Potions
 d - 6 potions of might
 l - 10 potions of curing
 m - 4 potions of mutation
 n - 2 potions of flight
 r - 2 potions of cancellation
 v - 3 potions of resistance
 A - 2 potions of ambrosia
 E - 2 potions of haste
 J - a potion of brilliance
 M - 3 potions of heal wounds
 R - a potion of magic
 S - 2 potions of berserk rage
Miscellaneous
 I - a condenser vane


   Skills:
 + Level 11.7(16.8) Fighting
 + Level 10.9(14.1) Short Blades
 + Level 10.0(13.2) Long Blades
 + Level 10.0(13.2) Axes
 + Level 10.0(13.2) Maces & Flails
 + Level 10.0(13.2) Polearms
 + Level 10.0(13.2) Staves
 + Level 10.0(12.1) Slings
 + Level 10.0(12.1) Bows
 + Level 10.2(12.3) Crossbows
 + Level 10.0(12.1) Throwing
 + Level 11.7 Armour
 + Level 10.0 Dodging
 + Level 10.0 Stealth
 + Level 11.7 Shields
 + Level 10.0(13.2) Unarmed Combat
 + Level 10.0(15.2) Spellcasting
 + Level 8.4(10.6) Conjurations
 + Level 8.4(10.6) Hexes
 + Level 8.4(10.6) Summonings
 + Level 8.4(10.6) Necromancy
 + Level 8.4(10.6) Translocations
 + Level 8.4(10.6) Transmutations
 + Level 8.4(10.6) Fire Magic
 + Level 8.4(10.6) Ice Magic
 + Level 8.4(10.6) Air Magic
 + Level 8.4(10.6) Earth Magic
 + Level 8.4(10.6) Poison Magic
 + Level 10.8 Invocations
 + Level 10.0(12.1) Evocations


You had 27 spell levels left.
You knew the following spells:

 Your Spells              Type           Power      Damage    Failure   Level
a - Tukima's Dance        Hex            37%        N/A       1%          3
b - Passwall              Tmut/Erth      30%        N/A       1%          2
c - Swiftness             Air            37%        N/A       1%          3
d - Airstrike             Air            18%        N/A       4%          4
e - Lee's Rapid Deconstr  Erth           18%        3d12*     11%         5

Your spell library contained the following spells:

 Spells                   Type           Power      Damage    Failure   Level
 Sandblast                Erth           74%        2d16      1%          1
 Shock                    Conj/Air       100%       1d9       1%          1
 Dazzling Flash           Conj/Hex       74%        N/A       1%          3
 Gell's Gravitas          Tloc           18%        N/A       1%          3
 Lesser Beckoning         Tloc           18%        N/A       1%          3
 Teleport Other           Tloc           37%        N/A       1%          3
 Iskenderun's Mystic Bla  Conj/Tloc      37%        2d9       4%          4
 Leda's Liquefaction      Hex/Erth       18%        N/A       4%          4
 Passage of Golubria      Tloc           N/A        N/A       4%          4
 Petrify                  Tmut/Erth      37%        N/A       4%          4
 Blade Hands              Tmut           18%        N/A       11%         5
 Bolt of Magma            Conj/Fire/Erth 18%        4d10      11%         5
 Irradiate                Conj/Tmut      18%        3d19      11%         5
 Metabolic Englaciation   Hex/Ice        18%        N/A       11%         5
 Yara's Violent Unravell  Hex/Tmut       18%        3d9       11%         5
 Invisibility             Hex            18%        N/A       52%         6
 Starburst                Conj/Fire      18%        6d7       52%         6
 Statue Form              Tmut/Erth      24%        N/A       52%         6
 Dragon Form              Tmut           18%        N/A       98%         7


Dungeon Overview and Level Annotations

Branches:
Dungeon (14/15)            Temple (1/1) D:4            Lair (6/6) D:8
 Shoals (0/4) Lair:4        Snake (0/4) Lair:4        Slime (0/5) Lair:6
    Orc (0/2) D:9
 Vaults: D:13-14

Altars:
Ashenzari
Dithmenos
Elyvilon
Fedhas
Gozag
Makhleb
Ru
Trog
Vehumet
Yredelemnul
Zin
Jiyva

Shops:
D:4 (   D:7 *   D:9 [:   D:12 ?*!

Annotations:
D:9 1 runed translucent door, vogonpoet's ghost, novice SpEn
D:10 3 runed translucent doors, SeagullWaffle's ghost, journeyman MiFi; zurenarrh's ghost, journeyman MiFi
Lair:1 exclusion: 2 oklob plants
Lair:5 exclusion: oklob plant
Lair:6 2 transporters, MisterFreud's ghost, journeyman GnFi


Innate Abilities, Weirdness & Mutations

You have very sharp teeth.
Your uncanny sense of smell can sniff out nearby items.
Your experience applies equally to all skills.


Message History

The vault guard is severely wounded.
You feel sick. The vault guard barely misses you.
You hit the vault guard but do no damage.
The vault guard is severely wounded.
You feel sick.
The deep elf archer shoots an arrow.
You block the arrow. You block the vault guard's attack.
You puncture the vault guard!
The vault guard is severely wounded.
You feel sick.
You hit the vault guard but do no damage.
The vault guard is severely wounded.
You feel sick.
The deep elf archer shoots an arrow.
The arrow hits you but does no damage. You block the vault guard's attack.
You puncture the vault guard!
The vault guard is almost dead.
You feel sick.
You barely miss the vault guard.
The vault guard is almost dead.
You feel sick.
The deep elf archer shoots an arrow.
You block the arrow.
The vault guard hits you but does no damage.
You puncture the vault guard!
You kill the vault guard!
You feel sick.
Things that are here:
a +0 long sword; a +0 chain mail; a human corpse You feel sick.
You feel sick.
You feel sick.
The deep elf archer shoots an arrow.
The arrow hits you!
You feel sick.
You are no longer poisoned.
The deep elf archer blinks!
The vault guard shouts!
The deep elf archer shoots an arrow.
The arrow hits you.
* * * LOW HITPOINT WARNING * * *
The deep elf archer shoots an arrow.
The arrow hits you!
* * * LOW HITPOINT WARNING * * *
The deep elf archer shoots an arrow.
The arrow hits you!!
* * * LOW HITPOINT WARNING * * *
The deep elf archer shoots an arrow.
The arrow hits you!
You die...

, #....### ###. ,* #....####
####. ,* #.....#### ####.. ,
##.....#######...
####.....#####.... ####+########
#..##......#......
#........######...##...........#
##........'..###....##.?.......##
##........##.###@.)..##(......##,
##........##.###......###'''###
.'...<....##...#........)...##,
##........####.'........)##### ,
##........######.......e.#####
######'#####.............#### *
##.####.≈≈≈≈.....≈≈≈≈.#### **
#''###.≈≈≈≈≈≈...≈≈≈≈≈≈.###
#≈....#....≈≈≈≈≈≈≈...≈≈≈≈≈≈≈.####


You could see a deep elf archer (repels missiles).

Vanquished Creatures
  Roxanne (D:14)
  A dire elephant (Lair:6)
  A fire dragon (Lair:6)
  Josephine (D:12)
  7 hydras
  3 centaur warriors
  A vault guard (D:14)
  4 boulder beetles
  3 two-headed ogres
  A tengu warrior (D:13)
  6 death yaks
  Urug (Lair:2)
  Pikel (D:7)
  A lindwurm (Lair:6)
  A deep elf pyromancer (D:13)
  An ugly thing (D:13)
  3 cyclopes
  3 manticores
  2 merfolk sirens (Lair:4)
  4 black mambas
  6 torpor snails (Lair:6)
  3 gargoyles
  6 cane toads
  12 komodo dragons
  4 rime drakes
  Psyche (D:11)
  A tengu conjurer (D:13)
  2 merfolk (Lair:4)
  4 trolls
  8 hornets
  4 tyrant leeches (Lair:6)
  10 polar bears
  12 blink frogs
  A raiju (Lair:6)
  18 slime creatures
  4 dream sheep (Lair:6)
  5 wyverns
  9 wraiths
  59 yaks
  Grum (D:10)
  3 basilisks
  A steam dragon (D:8)
  4 wargs (Lair:6)
  2 vampire mosquitoes (D:11)
  2 acid dragons
  11 water moccasins
  16 hell hounds (Lair:6)
  4 orc warriors
  3 sky beasts
  13 black bears
  A necrophage (D:8)
  5 ogres
  20 wolves
  3 phantoms
  3 centaurs
  A kobold brigand (D:11)
  Blork the orc (D:4)
  11 bullfrogs
  A gnoll sergeant (D:8)
  2 wyvern zombies (D:8)
  A scorpion (D:4)
  2 wyvern skeletons (D:7)
  A water moccasin skeleton (D:7)
  15 wights
  6 electric eels
  2 howler monkeys
  A crimson imp (D:8)
  A bullfrog zombie (D:6)
  5 centaur zombies
  3 hounds
  A jelly (D:5)
  7 orc priests
  3 centaur skeletons
  A gnoll shaman (D:8)
  4 iguanas
  10 orc wizards
  12 hell rats
  2 killer bee zombies
  A hound skeleton (D:5)
  Robin (D:2)
  5 howler monkey zombies
  9 adders
  8 gnolls (D:8)
  A shadow imp (D:8)
  13 white imps
  An ufetubus (D:5)
  An adder skeleton (D:4)
  A worm (D:3)
  2 dart slugs
  35 orcs
  6 endoplasms
  6 giant cockroaches
  16 goblins
  9 hobgoblins
  9 jackals
  7 kobolds
  4 quokkas
  7 ball pythons
  5 bats
  4 frilled lizards
  A quokka skeleton (D:4)
  6 rats
558 creatures vanquished.

Vanquished Creatures (collateral kills)
  2 centaurs (D:12)
2 creatures vanquished.

Vanquished Creatures (others)
  3 dancing weapons (D:11)
  21 fungi
  49 plants
  4 toadstools (D:8)
77 creatures vanquished.

Grand Total: 637 creatures vanquished

Notes
Turn   | Place    | Note
-------+----------+-------------------------------------------
     0 | D:1      | MisterFreud the Gnoll Fighter began the quest for the Orb.
     0 | D:1      | Reached XP level 1. HP: 23/23 MP: 1/1
   124 | D:1      | Reached XP level 2. HP: 29/29 MP: 2/2
  1196 | D:2      | Reached XP level 3. HP: 35/35 MP: 3/3
  1261 | D:2      | Noticed Robin
  1279 | D:2      | Reached skill level 1 in Invocations
  1593 | D:2      | Reached skill level 1 in Long Blades
  1593 | D:2      | Reached skill level 1 in Axes
  1593 | D:2      | Reached skill level 1 in Maces & Flails
  1593 | D:2      | Reached skill level 1 in Polearms
  1593 | D:2      | Reached skill level 1 in Staves
  1593 | D:2      | Reached skill level 1 in Slings
  1593 | D:2      | Reached skill level 1 in Bows
  1593 | D:2      | Reached skill level 1 in Crossbows
  1593 | D:2      | Reached skill level 1 in Throwing
  1593 | D:2      | Reached skill level 1 in Dodging
  1593 | D:2      | Reached skill level 1 in Stealth
  1593 | D:2      | Reached skill level 1 in Unarmed Combat
  1593 | D:2      | Reached skill level 1 in Spellcasting
  1593 | D:2      | Reached skill level 1 in Evocations
  1642 | D:2      | Killed Robin
  1643 | D:2      | Reached XP level 4. HP: 39/41 MP: 5/5
  2185 | D:3      | Found a broken altar of Ashenzari.
  2201 | D:3      | Reached skill level 1 in Conjurations
  2201 | D:3      | Reached skill level 1 in Hexes
  2201 | D:3      | Reached skill level 1 in Summonings
  2201 | D:3      | Reached skill level 1 in Necromancy
  2201 | D:3      | Reached skill level 1 in Translocations
  2201 | D:3      | Reached skill level 1 in Transmutations
  2201 | D:3      | Reached skill level 1 in Fire Magic
  2201 | D:3      | Reached skill level 1 in Ice Magic
  2201 | D:3      | Reached skill level 1 in Air Magic
  2201 | D:3      | Reached skill level 1 in Earth Magic
  2201 | D:3      | Reached skill level 1 in Poison Magic
  2815 | D:3      | Reached XP level 5. HP: 44/47 MP: 6/6
  3353 | D:4      | Noticed Blork the orc
  3359 | D:4      | Killed Blork the orc
  3403 | D:3      | Became a worshipper of Ashenzari the Shackled
  3434 | D:4      | Found Usiasioz's Antique Weapon Shop.
  3448 | D:4      | Reached XP level 6. HP: 46/53 MP: 8/8
  3497 | D:4      | Reached skill level 5 in Short Blades
  3817 | D:4      | Found a staircase to the Ecumenical Temple.
  3954 | D:4      | Reached XP level 7. HP: 38/59 MP: 10/10
  4604 | Temple   | Entered the Ecumenical Temple
  4616 | D:5      | Entered Level 5 of the Dungeon
  4623 | D:5      | Found a sacrificial altar of Ru.
  4775 | D:5      | Identified the +1 ring mail of Least Resistance {rElec}
  4842 | D:5      | Reached XP level 8. HP: 53/67 MP: 12/12
  5154 | D:5      | Reached * piety under Ashenzari
  5527 | D:6      | Reached ** piety under Ashenzari
  6238 | D:6      | Found an opulent altar of Gozag.
  6428 | D:7      | Reached XP level 9. HP: 78/78 MP: 17/17
  6691 | D:7      | Found a blossoming altar of Fedhas.
  7187 | D:7      | Reached *** piety under Ashenzari
  7582 | D:7      | Found Cjiocoup's Commerce Corner.
  7678 | D:7      | Found a shadowy altar of Dithmenos.
  7852 | D:8      | Found a radiant altar of Vehumet.
  7864 | D:8      | Reached skill level 5 in Invocations
  8157 | D:8      | Reached XP level 10. HP: 76/89 MP: 22/22
  8258 | D:8      | Noticed Pikel
  8296 | D:7      | Killed Pikel
  8297 | D:7      | Reached skill level 5 in Long Blades
  8297 | D:7      | Reached skill level 5 in Axes
  8297 | D:7      | Reached skill level 5 in Maces & Flails
  8297 | D:7      | Reached skill level 5 in Polearms
  8297 | D:7      | Reached skill level 5 in Staves
  8297 | D:7      | Reached skill level 5 in Slings
  8297 | D:7      | Reached skill level 5 in Bows
  8297 | D:7      | Reached skill level 5 in Crossbows
  8297 | D:7      | Reached skill level 5 in Throwing
  8297 | D:7      | Reached skill level 5 in Dodging
  8297 | D:7      | Reached skill level 5 in Stealth
  8297 | D:7      | Reached skill level 5 in Unarmed Combat
  8297 | D:7      | Reached skill level 5 in Spellcasting
  8297 | D:7      | Reached skill level 5 in Evocations
  8379 | D:8      | Reached **** piety under Ashenzari
  8394 | D:8      | Found a staircase to the Lair.
  9206 | D:8      | Found a basalt altar of Yredelemnul.
  9783 | D:9      | Found Ilucsulu's Book Emporium.
 10177 | D:9      | Found a glowing silver altar of Zin.
 10188 | D:9      | Noticed vogonpoet's ghost (novice SpEn)
 10191 | D:9      | Found a runed translucent door.
 10317 | D:9      | Found a staircase to the Orcish Mines.
 10472 | D:9      | Found a burning altar of Makhleb.
 10481 | D:9      | Found Cuomucs's Armour Shop.
 10596 | D:9      | Noticed a two-headed ogre
 10607 | D:9      | Killed a two-headed ogre
 10608 | D:9      | Reached XP level 11. HP: 39/98 MP: 25/25
 11084 | D:9      | Noticed a centaur warrior
 11101 | D:9      | Killed a centaur warrior
 11102 | D:9      | Reached skill level 5 in Conjurations
 11102 | D:9      | Reached skill level 5 in Hexes
 11102 | D:9      | Reached skill level 5 in Summonings
 11102 | D:9      | Reached skill level 5 in Necromancy
 11102 | D:9      | Reached skill level 5 in Translocations
 11102 | D:9      | Reached skill level 5 in Transmutations
 11102 | D:9      | Reached skill level 5 in Fire Magic
 11102 | D:9      | Reached skill level 5 in Ice Magic
 11102 | D:9      | Reached skill level 5 in Air Magic
 11102 | D:9      | Reached skill level 5 in Earth Magic
 11102 | D:9      | Reached skill level 5 in Poison Magic
 11552 | D:10     | Entered Level 10 of the Dungeon
 11741 | D:10     | Noticed Grum
 12235 | D:10     | Found a runed translucent gate.
 12239 | D:10     | Found a runed translucent gate.
 12239 | D:10     | Noticed zurenarrh's ghost (journeyman MiFi)
 12239 | D:10     | Noticed SeagullWaffle's ghost (journeyman MiFi)
 12240 | D:10     | Found a runed translucent gate.
 12590 | D:10     | Killed Grum
 12742 | D:10     | Found a white marble altar of Elyvilon.
 13145 | D:11     | Noticed a six-headed hydra
 13155 | D:11     | Killed a six-headed hydra
 13426 | D:11     | Noticed a cyclops
 13437 | D:11     | Killed a cyclops
 13526 | D:11     | Noticed a manticore
 13540 | D:11     | Killed a manticore
 13543 | D:11     | Found a frozen archway.
 13584 | D:11     | Noticed a boulder beetle
 13800 | D:11     | Killed a boulder beetle
 14087 | D:11     | Noticed a centaur warrior
 14101 | D:11     | Killed a centaur warrior
 14379 | D:11     | Noticed Psyche
 14385 | D:11     | Killed Psyche
 14428 | D:11     | Learned a level 3 spell: Tukima's Dance
 14431 | D:11     | Learned a level 2 spell: Passwall
 14689 | D:11     | Noticed a two-headed ogre
 14698 | D:11     | Killed a two-headed ogre
 14699 | D:11     | Reached XP level 12. HP: 84/108 MP: 25/28
 14838 | D:11     | Noticed a two-headed ogre
 14854 | D:11     | Killed a two-headed ogre
 14960 | D:11     | Noticed a four-headed hydra
 14969 | D:11     | Paralysed by a hornet for 2 turns
 14978 | D:11     | Killed a four-headed hydra
 15879 | D:12     | Found Biwaudak's Assorted Antiques.
 15883 | D:12     | Bought a glowing golden potion for 26 gold pieces
 15886 | D:12     | Found Wirchof's Distillery.
 15894 | D:12     | Bought a potion of heal wounds for 60 gold pieces
 15894 | D:12     | Bought a potion of heal wounds for 60 gold pieces
 15894 | D:12     | Bought a potion of might for 48 gold pieces
 15894 | D:12     | Bought a potion of berserk rage for 60 gold pieces
 15894 | D:12     | Bought a potion of curing for 36 gold pieces
 15894 | D:12     | Bought a potion of curing for 36 gold pieces
 15894 | D:12     | Bought a potion of curing for 36 gold pieces
 15930 | D:12     | Found Takhlit's Magic Scroll Boutique.
 15938 | D:12     | Bought a scroll of teleportation for 45 gold pieces
 15938 | D:12     | Bought a scroll of teleportation for 45 gold pieces
 16054 | D:12     | Noticed Josephine
 16692 | D:12     | Killed Josephine
 16693 | D:12     | Reached skill level 10 in Fighting
 16693 | D:12     | Reached skill level 10 in Armour
 16693 | D:12     | Reached skill level 10 in Shields
 16938 | Lair:1   | Entered Level 1 of the Lair of Beasts
 17586 | Lair:1   | Noticed a six-headed hydra
 17600 | Lair:1   | Killed a six-headed hydra
 17891 | Lair:1   | Reached XP level 13. HP: 109/116 MP: 30/30
 19096 | Lair:2   | Noticed Urug
 19119 | Lair:2   | Killed Urug
 20936 | Lair:3   | Identified the +3 ring mail "Usiovinn" {rF+}
 22415 | Lair:4   | Found a staircase to the Shoals.
 22907 | Lair:4   | Found a staircase to the Snake Pit.
 23278 | Lair:5   | Reached XP level 14. HP: 125/125 MP: 32/32
 23409 | Lair:5   | Reached skill level 10 in Short Blades
 24112 | Lair:6   | Entered Level 6 of the Lair of Beasts
 24914 | Lair:6   | Identified the +4 falchion of the Absolute Madman {venom,
                  | rC+ Int+6}
 24929 | Lair:6   | Found a transporter.
 24954 | Lair:6   | Reached skill level 10 in Invocations
 24969 | Lair:6   | Noticed MisterFreud's ghost (journeyman GnFi)
 25351 | Lair:6   | Learned a level 3 spell: Swiftness
 25367 | Lair:6   | Learned a level 4 spell: Airstrike
 25442 | Lair:6   | Found a bloodstained altar of Trog.
 25447 | Lair:6   | Found a transporter.
 25976 | Lair:6   | Found a viscous altar of Jiyva.
 25976 | Lair:6   | Found a staircase to the Slime Pits.
 26024 | Lair:6   | Noticed a dire elephant
 26059 | Lair:6   | Killed a dire elephant
 26606 | Lair:6   | Found a runed translucent door.
 26671 | Lair:6   | Paralysed by a hornet for 2 turns
 28653 | Lair:6   | Reached XP level 15. HP: 132/132 MP: 33/33
 29121 | D:13     | Identified a scroll of acquirement
 29134 | D:13     | Acquired 1151 gold pieces
 29362 | D:7      | Bought a condenser vane for 560 gold pieces
 29362 | D:7      | Bought a manual of Crossbows for 1120 gold pieces
 30054 | D:13     | Found a sacrificial altar of Ru.
 30483 | D:14     | Reached skill level 10 in Crossbows
 31230 | D:14     | Noticed Roxanne
 31240 | D:14     | Learned a level 5 spell: Lee's Rapid Deconstruction
 31314 | D:14     | Killed Roxanne
 31408 | D:14     | Reached skill level 10 in Long Blades
 31408 | D:14     | Reached skill level 10 in Axes
 31408 | D:14     | Reached skill level 10 in Maces & Flails
 31408 | D:14     | Reached skill level 10 in Polearms
 31408 | D:14     | Reached skill level 10 in Staves
 31408 | D:14     | Reached skill level 10 in Slings
 31408 | D:14     | Reached skill level 10 in Bows
 31408 | D:14     | Reached skill level 10 in Throwing
 31408 | D:14     | Reached skill level 10 in Dodging
 31408 | D:14     | Reached skill level 10 in Stealth
 31408 | D:14     | Reached skill level 10 in Unarmed Combat
 31408 | D:14     | Reached skill level 10 in Spellcasting
 31408 | D:14     | Reached skill level 10 in Evocations
 31574 | D:14     | HP: 3/133 [deep elf archer/arrow (20)]
 31576 | D:14     | Shot with an arrow by a deep elf archer

Illustrated notes

Levels and vault maps discovered:
D:1:      dpeg_arrival_rooms_with_view, layout_basic, minmay_pentomino_q2
D:2:      layout_basic, uniq_robin
D:3:      minmay_razor_zed, layout_basic, cheibrodos_ashenzari_chains,
          serial_aquarium, aquarium_bridge_straight [aquarium_subvault_bridge,
          aquarium_subvault_balcony, aquarium_subvault_bridge,
          aquarium_subvault_wall], aquarium_bridge_straight
          [aquarium_subvault_bridge, aquarium_subvault_balcony,
          aquarium_subvault_bridge, aquarium_subvault_balcony],
          aquarium_window_1, aquarium_window_fake, aquarium_view_2e,
          aquarium_balcony_3a
D:4:      layout_basic, minmay_temple_entry_ruins, serial_shops, shop,
          interstate_on_off, uniq_blork_the_orc
D:5:      layout_cave_pools, lemuel_tele_altar, minmay_misc_feat_rows
D:6:      layout_basic, lemuel_crystal_altar
D:7:      layout_gridville, mainiacjoe_overflow_alcove_1, kennysheep_little_box,
          st_stairs_11, nicolae_alphabet_shops
D:8:      layout_layer_cave, overflow_temple_1_default,
          nicolae_yredelemnul_corpse_copse, david_lair_generic,
          minmay_gold_behind_fungi, wad_floor_pattern_2, minmay_fire_ice_demons,
          uniq_pikel
D:9:      layout_loops_ring, mainiacjoe_overflow_surrounded_room,
          overflow_temple_1_default, orc_0_dummy, serial_shops,
          nicolae_take_the_stairs, nicolae_diamond_shop,
          hellmonk_ghost_happy_afterlife, grunt_ministairs_12
D:10:     layout_basic, elyvilon_altar_5, gammafunk_ghost_cemetery,
          amethyst_killhole, uniq_grum
D:11:     minmay_bubble_buster, layout_stronghold, portal_ice_cave_entry_imps,
          uniq_psyche
D:12:     layout_gridville, serial_shops, shop, nicolae_shop_crystal, shop,
          uniq_josephine
D:13:     layout_irregular_city, nicolae_ru_awakened_eye
D:14:     layout_roguey, grunt_vaults_entry_fortified, kennysheep_donut,
          chequers_serial_rivers_room_a, uniq_roxanne
Temple:   minmay_temple_bridge_abc
Lair:1:   layout_cellular_growth, chequers_serial_rivers_marsh,
          minmay_lair_oklob_chamber
Lair:2:   layout_regular_city, lemuel_fruit_tree, uniq_urug
Lair:3:   layout_loops_ring, gauntlet_entry_generic, serial_bayou_shore_a,
          grunt_megastairs_5
Lair:4:   layout_roguey, elwin_shoals_entry_stream, dummy_snake_entry
Lair:5:   layout_loops_ring
Lair:6:   hangedman_lair_caniforms_friends, layout_small_grid, wormcave,
          slime_altar_1, gammafunk_ghost_wrathful_warriors

Skill      XL: |  1  2  3  4  5  6  7  8  9 10 11 12 13 14 15 |
---------------+----------------------------------------------+-----
Invocations    | 1 2 3 4 5 6 7 8 9 10 | 10.8
Long Blades    | 1 2 3 4 5 6 7 8 9 10 | 10.0
Axes           | 1 2 3 4 5 6 7 8 9 10 | 10.0
Maces & Flails | 1 2 3 4 5 6 7 8 9 10 | 10.0
Polearms       | 1 2 3 4 5 6 7 8 9 10 | 10.0
Staves         | 1 2 3 4 5 6 7 8 9 10 | 10.0
Slings         | 1 2 3 4 5 6 7 8 9 10 | 10.0
Bows           | 1 2 3 4 5 6 7 8 9 10 | 10.0
Crossbows      | 1 2 3 4 5 6 7 8 9 10 | 10.2
Throwing       | 1 2 3 4 5 6 7 8 9 10 | 10.0
Dodging        | 1 2 3 4 5 6 7 8 9 10 | 10.0
Stealth        | 1 2 3 4 5 6 7 8 9 10 | 10.0
Unarmed Combat | 1 2 3 4 5 6 7 8 9 10 | 10.0
Spellcasting   | 1 2 3 4 5 6 7 8 9 10 | 10.0
Evocations     | 1 2 3 4 5 6 7 8 9 10 | 10.0
Conjurations   | 1 2 3 4 5 6 7 8 |  8.4
Hexes          | 1 2 3 4 5 6 7 8 |  8.4
Summonings     | 1 2 3 4 5 6 7 8 |  8.4
Necromancy     | 1 2 3 4 5 6 7 8 |  8.4
Translocations | 1 2 3 4 5 6 7 8 |  8.4
Transmutations | 1 2 3 4 5 6 7 8 |  8.4
Fire Magic     | 1 2 3 4 5 6 7 8 |  8.4
Ice Magic      | 1 2 3 4 5 6 7 8 |  8.4
Air Magic      | 1 2 3 4 5 6 7 8 |  8.4
Earth Magic    | 1 2 3 4 5 6 7 8 |  8.4
Poison Magic   | 1 2 3 4 5 6 7 8 |  8.4
Short Blades   | 5 6 7 8 9 10 | 10.9
Fighting       | 7 8 9 10 11 | 11.7
Armour         | 7 8 9 10 11 | 11.7
Shields        | 7 8 9 10 11 | 11.7

Action                   |  1- 3 |  4- 6 |  7- 9 | 10-12 | 13-15 || total
-------------------------+-------+-------+-------+-------+-------++-------
Melee: Rapier            |   124 |   115 |       |       |       ||   239
       Bite              |     8 |    21 |    25 |    79 |   172 ||   305
       Short sword       |       |   108 |   312 |   768 |  1330 ||  2518
Throw: Dart              |       |       |    12 |    23 |    11 ||    46
 Cast: Tukima's Dance    |       |       |       |    14 |     1 ||    15
       Swiftness         |       |       |       |       |     1 ||     1
       Lee's Rapid Decon |       |       |       |       |     9 ||     9
Invok: Curse Item        |       |       |     5 |     2 |       ||     7
       Shatter the Chain |       |       |       |       |     1 ||     1
Evoke: Wand              |       |       |       |    12 |     8 ||    20
  Use: Potion            |       |       |       |     2 |     3 ||     5
       Scroll            |       |       |       |     2 |     3 ||     5
 Stab: Sleeping          |       |       |       |     2 |     4 ||     6
       Distracted        |       |       |       |     1 |     2 ||     3
Armor: Scale mail        |    20 |       |       |       |       ||    20
       Fire dragon scale |    50 |   115 |   114 |   213 |   375 ||   867
Dodge: Dodged            |    49 |    60 |    80 |   219 |   322 ||   730
Block: Kite shield       |    83 |   122 |   133 |   347 |   526 ||  1211
